 Dungeon Crawl Stone Soup version 0.30-b1-2-g02819fbbbe (webtiles) character file.

Game seed: 6299495836095751644

539 Fartwhistle the Skirmisher (level 7, -2/56 HPs)
             Began as a Gnoll Hunter on Sept 9, 2023.
             Slain by a lemure (4 damage)
             ... led by Pikel
             ... on level 4 of the Dungeon.
             The game lasted 00:10:38 (3750 turns).

Fartwhistle the Skirmisher (Gnoll Hunter)           Turns: 3750, Time: 00:10:38

Health: -2/56      AC: 15    Str: 11    XL:     7   Next: 26%
Magic:  10/10      EV:  7    Int: 10    God:
Gold:   176        SH:  0    Dex: 15    Spells: 11/11 levels left

rFire   . . .        c - +0 flail (protect)
rCold   . . .        (no shield)
rNeg    . . .        x - +0 chain mail
rPois   .            (no helmet)
rElec   .            (no cloak)
rCorr   .            (no gloves)
SInv    +            (no boots)
Will    .....        (no amulet) Stlth
                     o - ring of see invisible
HPRegen 0.29/turn    (no ring)
MPRegen 0.12/turn

%: no passive effects
@: under a protective aura
A: fangs 1, strong nose, distributed training
a: no special abilities


You were on level 4 of the Dungeon.
You visited 1 branch of the dungeon, and saw 4 of its levels.

You collected 272 gold pieces.
You spent 96 gold pieces at shops.

Inventory:

Hand Weapons
 a - a +0 shortbow
 c - a +0 flail of protection (weapon)
 f - a +2 short sword of draining
 r - a +0 hand axe of holy wrath
Missiles
 z - 9 poisoned darts
Armour
 x - a +0 chain mail (worn)
 y - a +0 pair of gloves
Jewellery
 o - a ring of see invisible (left hand)
Wands
 m - a wand of charming (1)
Scrolls
 b - a scroll of immolation
 i - 2 scrolls of enchant armour
 k - a scroll of magic mapping {unknown}
 l - 3 scrolls of blinking
 n - a scroll of enchant weapon {unknown}
 q - a scroll of vulnerability
 s - a scroll of poison
 t - a scroll of fog
 w - a scroll of torment {unknown}
 B - a scroll of fear
Potions
 d - 4 potions of flight
 h - 3 potions of attraction {unknown}
 j - 2 potions of haste {unknown}
 p - a potion of ambrosia {unknown}
 u - a potion of berserk rage {unknown}
 v - a potion of lignification {unknown}
 A - a potion of mutation {unknown}


   Skills:
 + Level 5.2 Fighting
 + Level 2.5 Short Blades
 + Level 2.5 Long Blades
 + Level 2.5 Axes
 + Level 2.5 Maces & Flails
 + Level 2.5 Polearms
 + Level 2.5 Staves
 + Level 8.9 Ranged Weapons
 + Level 2.5 Throwing
 + Level 2.5 Armour
 + Level 5.2 Dodging
 + Level 3.4 Stealth
 + Level 2.5 Shields
 + Level 2.5 Unarmed Combat
 + Level 2.5 Spellcasting
 + Level 2.0 Conjurations
 + Level 2.0 Hexes
 + Level 2.0 Summonings
 + Level 2.0 Necromancy
 + Level 2.0 Translocations
 + Level 2.0 Transmutations
 + Level 2.0 Fire Magic
 + Level 2.0 Ice Magic
 + Level 2.0 Air Magic
 + Level 2.0 Earth Magic
 + Level 2.0 Poison Magic
 + Level 2.7 Invocations
 + Level 2.5 Evocations


You had 11 spell levels left.
You didn't know any spells.
Your spell library contained the following spells:

 Spells                   Type           Power      Damage    Failure   Level
 Freeze                   Ice            20%        1d4       98%         1
 Frozen Ramparts          Ice            10%        1d2       100%        3
 Hailstorm                Conj/Ice       5%         3d4       100%        3


Dungeon Overview and Level Annotations

Branches:
Dungeon (4/15)
 Temple: D:4-7

Altars:
Kikubaaqudgha
Okawaru
Qazlal

Shops:
D:2 !

Annotations:
D:4 Pikel


Innate Abilities, Weirdness & Mutations

You have very sharp teeth.
Your uncanny sense of smell can sniff out nearby items.
Your experience applies equally to all skills.


Message History

Pikel hits you with a +2 whip of flaming.
* * * LOW HITPOINT WARNING * * *
Pikel burns you.
* * * LOW HITPOINT WARNING * * *
The lemure hits you but does no damage.
Your goblin hits the lemure with a +0 club.
You feel better.
Your adder bites the lemure but does no damage.
Pikel closely misses you. The lemure hits you but does no damage.
Your goblin hits the lemure with a +0 club.
Your adder bites the lemure but does no damage.
You hit Pikel.
Pikel is lightly wounded.
Pikel barely misses you. The lemure hits you but does no damage.
Your goblin barely misses the lemure.
Your adder closely misses the lemure.
The lemure hits you but does no damage. Pikel hits you but does no damage.
You hit Pikel but do no damage. You bite Pikel, but do no damage.
Pikel is lightly wounded.
Your adder completely misses the lemure.
Your goblin hits the lemure but does no damage.
Your adder bites the lemure.
The lemure is poisoned.
Your adder poisons the lemure!
The lemure hits you but does no damage. Pikel hits you but does no damage.
Your goblin closely misses the lemure.
You hit Pikel.
Pikel is moderately wounded.
Your adder bites the lemure.
Pikel hits you but does no damage. The lemure hits you.
* * * LOW HITPOINT WARNING * * *
Your goblin closely misses the lemure.
Your adder bites the lemure.
The lemure looks even sicker.
Your adder poisons the lemure!
Pikel hits you with a +2 whip of flaming.
* * * LOW HITPOINT WARNING * * *
Pikel burns you.
* * * LOW HITPOINT WARNING * * *
The lemure hits you but does no damage.
Your adder misses the lemure.
Your goblin hits the lemure but does no damage.
Unknown command.
Your adder bites the lemure but does no damage.
The lemure hits you.
You die...

#......#...)...)...#
#......#.########.....
#......#.# #.# #......#.#
#.#.. #......#'### #.#..
#..........# #.#..
######.....# #.#.# #.....#
#.#.# #.K@..# #.#.#
#######.5...#######.#.####
###.....#Sg.......K.........
........#.....#######.##....
........'..........##.#.....
........####.#.###.##.#.....
#######...##.#.###.##.##....
#...##.#.....##.####..
#...##..........# #..


You could see Pikel, a lemure (very poisoned, ally target), a friendly adder
(summoned) and a friendly goblin (summoned).

Vanquished Creatures
  An ogre (D:4)
  2 lemures
  A scorpion (D:2)
  A hound (D:4)
  2 orc priests
  Terence (D:3)
  Natasha (thrice) (D:2)
  An orc wizard (D:3)
  6 adders
  A gnoll (D:1)
  3 worms
  3 dart slugs
  14 orcs
  6 ball pythons
  A bat (D:2)
  6 endoplasms
  5 giant cockroaches
  5 goblins
  12 hobgoblins
  3 jackals (D:3)
  9 kobolds
  A quokka (D:1)
  14 frilled lizards
  5 rats
106 creatures vanquished.

Vanquished Creatures (others)
  A lemure (D:4)
  6 withered plants (D:3)
7 creatures vanquished.

Grand Total: 113 creatures vanquished

Notes
Turn   | Place    | Note
-------+----------+-------------------------------------------
     0 | D:1      | Fartwhistle the Gnoll Hunter began the quest for the Orb.
     0 | D:1      | Reached XP level 1. HP: 20/20 MP: 1/1
    84 | D:1      | Reached XP level 2. HP: 26/26 MP: 2/2
   146 | D:1      | Reached XP level 3. HP: 24/31 MP: 3/3
   431 | D:1      | Reached skill level 1 in Invocations
   505 | D:1      | Reached skill level 1 in Short Blades
   505 | D:1      | Reached skill level 1 in Long Blades
   505 | D:1      | Reached skill level 1 in Axes
   505 | D:1      | Reached skill level 1 in Maces & Flails
   505 | D:1      | Reached skill level 1 in Polearms
   505 | D:1      | Reached skill level 1 in Staves
   505 | D:1      | Reached skill level 1 in Throwing
   505 | D:1      | Reached skill level 1 in Armour
   505 | D:1      | Reached skill level 1 in Shields
   505 | D:1      | Reached skill level 1 in Unarmed Combat
   505 | D:1      | Reached skill level 1 in Spellcasting
   505 | D:1      | Reached skill level 1 in Evocations
   952 | D:2      | Reached XP level 4. HP: 38/38 MP: 5/5
  1051 | D:2      | Reached skill level 1 in Conjurations
  1051 | D:2      | Reached skill level 1 in Hexes
  1051 | D:2      | Reached skill level 1 in Summonings
  1051 | D:2      | Reached skill level 1 in Necromancy
  1051 | D:2      | Reached skill level 1 in Translocations
  1051 | D:2      | Reached skill level 1 in Transmutations
  1051 | D:2      | Reached skill level 1 in Fire Magic
  1051 | D:2      | Reached skill level 1 in Ice Magic
  1051 | D:2      | Reached skill level 1 in Air Magic
  1051 | D:2      | Reached skill level 1 in Earth Magic
  1051 | D:2      | Reached skill level 1 in Poison Magic
  1120 | D:2      | Found Defreps's Distillery.
  1130 | D:2      | Bought a potion of curing for 36 gold pieces
  1130 | D:2      | Bought a potion of heal wounds for 60 gold pieces
  1156 | D:2      | Noticed a scorpion
  1167 | D:2      | Killed a scorpion
  1168 | D:2      | Reached XP level 5. HP: 39/43 MP: 5/7
  1543 | D:3      | Noticed Natasha
  1557 | D:2      | Killed Natasha
  1603 | D:2      | Noticed Natasha
  1608 | D:2      | Killed Natasha
  1611 | D:2      | Noticed Natasha
  1622 | D:2      | Killed Natasha
  1744 | D:3      | Reached XP level 6. HP: 50/50 MP: 8/8
  1900 | D:3      | Identified the +9 war axe "Yngeumob" {vamp, Contam Will+++
                  | Str+3 Dex+3}
  1936 | D:3      | Noticed Terence
  1952 | D:3      | Killed Terence
  1953 | D:3      | Reached skill level 5 in Fighting
  1953 | D:3      | Reached skill level 5 in Dodging
  2092 | D:3      | Found an ancient bone altar of Kikubaaqudgha.
  2546 | D:3      | Found an iron altar of Okawaru.
  2547 | D:3      | Found a stormy altar of Qazlal.
  2933 | D:4      | Identified the +7 mace of the Usurping Shark {venom, Dex+3}
  3559 | D:4      | Reached XP level 7. HP: 24/54 MP: 10/10
  3655 | D:4      | Noticed Pikel
  3749 | D:4      | HP: 1/56 [Pikel/+2 whip of flaming (3)]
  3750 | D:4      | Slain by a lemure

Illustrated notes

Levels and vault maps discovered:
D:1:      giann_forest_graveyard, layout_basic, minmay_vboxes
D:2:      layout_rooms, serial_shops, nicolae_shop_hallway_plus,
          roderic_nine_men_s_morris, nicolae_hexahallways, nicolae_titane
D:3:      layout_loops_ring, gammafunk_temple_overflow_statue,
          kiku_gazebo_garden_becter, uniq_terence, uniq_natasha
D:4:      layout_basic, mainiacjoe_overflow_alcove_4, minmay_pentomino_pile,
          uniq_pikel

Skill      XL: |  1  2  3  4  5  6  7 |
---------------+----------------------+-----
Invocations    | 1 2 |  2.7
Short Blades   | 1 2 |  2.5
Long Blades    | 1 2 |  2.5
Axes           | 1 2 |  2.5
Maces & Flails | 1 2 |  2.5
Polearms       | 1 2 |  2.5
Staves         | 1 2 |  2.5
Throwing       | 1 2 |  2.5
Armour         | 1 2 |  2.5
Shields        | 1 2 |  2.5
Unarmed Combat | 1 2 |  2.5
Spellcasting   | 1 2 |  2.5
Evocations     | 1 2 |  2.5
Conjurations   | 1 2 |  2.0
Hexes          | 1 2 |  2.0
Summonings     | 1 2 |  2.0
Necromancy     | 1 2 |  2.0
Translocations | 1 2 |  2.0
Transmutations | 1 2 |  2.0
Fire Magic     | 1 2 |  2.0
Ice Magic      | 1 2 |  2.0
Air Magic      | 1 2 |  2.0
Earth Magic    | 1 2 |  2.0
Poison Magic   | 1 2 |  2.0
Stealth        | 3 |  3.4
Fighting       | 5 |  5.2
Dodging        | 5 |  5.2
Ranged Weapons | |  8.9

Action                     |  1- 3 |  4- 6 |  7- 9 || total
---------------------------+-------+-------+-------++-------
  Melee: Short sword       |     7 |    65 |       ||    72
         Bite              |       |     8 |     2 ||    10
         Punch             |       |     1 |       ||     1
         Flail             |       |       |    10 ||    10
   Fire: Shortbow          |    91 |   193 |    11 ||   295
  Throw: Dart              |       |     7 |       ||     7
  Evoke: Wand              |       |       |     4 ||     4
    Use: Scroll            |       |     9 |     1 ||    10
         Potion            |       |     3 |     1 ||     4
 Armour: Leather armour    |     6 |     1 |       ||     7
         Chain mail        |       |    83 |    14 ||    97
  Dodge: Dodged            |    25 |    67 |     7 ||    99
